 Dungeon Crawl Stone Soup version 0.31.0-9-g3a7656b989 (webtiles) character file.

Game seed: 1436791633953488880

55932 qw the Crack Shot (level 14, -6/88 HPs)
             Began as a Deep Elf Hunter on Feb 2, 2024.
             Was the Champion of Okawaru.
             Killed from afar by a lindwurm (35 damage)
             ... with a blast of flame
             ... on level 5 of the Lair of Beasts.
             The game lasted 00:02:12 (15286 turns).

qw the Crack Shot (Deep Elf Hunter)                Turns: 15286, Time: 00:02:12

Health: -6/88      AC: 19    Str: 16    XL:     14   Next: 40%
Magic:  23/23      EV: 17    Int: 18    God:    Okawaru [******]
Gold:   531        SH:  0    Dex: 14    Spells: 13/13 levels left

rFire   . . .        A - +8 hand cannon of Guilt {flame, rElec rN+++ Dex-4 Stlth+}
rCold   + . .        (no shield)
rNeg    + + +        y - +5 ring mail of Jauch {+Inv Str-2 Stlth+}
rPois   .            j - +2 helmet of Jilluira {rC+ rN+ SInv}
rElec   +            c - +1 cloak
rCorr   +            t - +2 pair of gloves
SInv    +            (no boots)
Will    +....        p - amulet of faith
Stlth   +++          w - ring of Ivuen {+Blink rN+ rCorr Str+6 Int+2}
HPRegen 0.34/turn    (no ring)
MPRegen 0.18/turn

%: faith
@: no status effects
A: no striking features
a: Renounce Religion, Evoke Blink, Evoke Invisibility, Heroism, Finesse, Duel


You were on level 5 of the Lair of Beasts.
You worshipped Okawaru.
Okawaru was exalted by your worship.
You visited 2 branches of the dungeon, and saw 16 of its levels.

You collected 1091 gold pieces.
You spent 560 gold pieces at shops.


   Skills:
 - Level 10.3 Fighting
 + Level 21.0 Ranged Weapons
 - Level 3.4 Armour
 - Level 15.0 Dodging
 - Level 1.2 Stealth
 - Level 10.0 Invocations


You had 13 spell levels left.
You didn't know any spells.
Your spell library was empty.

Inventory:

Hand Weapons
 A - the +8 hand cannon of Guilt (weapon) {flame, rElec rN+++ Dex-4 Stlth+}
   (Okawaru gifted it to you on level 3 of the Lair of Beasts)

   Dex-4:     It affects your dexterity (-4).
   rElec:     It insulates you from electricity.
   rN+++:     It renders you almost immune to negative energy.
   Stlth+:    It makes you more stealthy.
Armour
 c - a +1 cloak (worn)
 j - the +2 helmet of Jilluira (worn) {rC+ rN+ SInv}
   (You acquired it on level 8 of the Dungeon)

   rC+:       It protects you from cold.
   rN+:       It protects you from negative energy.
   SInv:      It lets you see invisible.
 t - a +2 pair of gloves (worn)
 y - the +5 ring mail of Jauch (worn) {+Inv Str-2 Stlth+}
   (Okawaru gifted it to you on level 3 of the Lair of Beasts)

   Str-2:     It affects your strength (-2).
   +Inv:      It lets you turn invisible.
   Stlth+:    It makes you more stealthy.
Jewellery
 b - an amulet of reflection
 p - an amulet of faith (around neck)
 q - a ring of resist corrosion
 w - the ring of Ivuen (left hand) {+Blink rN+ rCorr Str+6 Int+2}
   (You found it on level 2 of the Lair of Beasts)

   [ring of strength]

   Str+6:     It affects your strength (+6).
   Int+2:     It affects your intelligence (+2).
   rN+:       It protects you from negative energy.
   +Blink:    It lets you blink.
   rCorr:     It protects you from acid and corrosion.
Wands
 g - a wand of mindburst (9)
 i - a wand of charming (6)
 o - a wand of roots (12)
Potions
 d - 2 potions of heal wounds
 e - 19 potions of curing
 h - 6 potions of enlightenment
 k - a potion of might
 m - a potion of mutation
 s - 3 potions of haste
 x - 2 potions of magic
 z - 2 potions of cancellation
 B - a potion of resistance

Dungeon Overview and Level Annotations

Branches:
Dungeon (11/15)            Temple (0/1) D:7            Lair (5/5) D:11
  Swamp (0/4) Lair:3        Snake (0/4) Lair:3        Slime (0/5) Lair:4
    Orc (0/2) D:11

Altars:
Ashenzari
Cheibriados
Fedhas
Gozag
Hepliaklqana
Makhleb
Nemelex Xobeh
Okawaru
Qazlal
Ru
Trog
Uskayaw
Vehumet
Xom
Yredelemnul
Zin
The Shining One

Shops:
D:10 !*!(   D:11 *

Portals:
Trove: D:10 (give +2 shadow dragon scales)

Annotations:
D:2 1 runed translucent door, Crazy Yiuf
D:9 2 transporters, qw's ghost, journeyman DjHu
D:10 3 runed translucent doors, Hoafok's ghost, journeyman MiFi
Lair:4 1 runed translucent door, qw's ghost, journeyman DgHu


Message History

The yak barely misses you. The yak misses you.
You shoot a bolt. The bolt hits the yak.
The bolt burns the yak.
You kill the yak!
Okawaru accepts your kill. The yak gores you. The yak misses you.
You shoot a bolt.
The bolt hits the yak but does no damage.
The yak gores you but does no damage.
You shoot a bolt. The bolt hits the yak!!
The bolt burns the yak!
You kill the yak!
Okawaru accepts your kill. The lindwurm breathes flames at you.
The blast of flame hits you!!!
Your Ranged Weapons skill increases to level 21!
You shoot a bolt. The bolt hits the lindwurm!!
The bolt burns the lindwurm.
The lindwurm is severely wounded.
You shoot a bolt. The bolt closely misses the lindwurm.
The lindwurm breathes flames at you. The blast of flame hits you!
You shoot a bolt. The bolt hits the lindwurm.
The bolt burns the lindwurm.
The lindwurm is severely wounded.
The lindwurm breathes flames at you. The blast of flame misses you.
You shoot a bolt. The bolt barely misses the lindwurm.
The lindwurm bites you.
The lindwurm claws you but does no damage. x2
You shoot a bolt. The bolt hits the lindwurm.
The bolt burns the lindwurm.
The lindwurm is almost dead.
The lindwurm misses you. The lindwurm closely misses you. x2
You shoot a bolt.
The bolt completely misses the lindwurm.
The lindwurm barely misses you.
The lindwurm claws you but does no damage. x2
You shoot a bolt. The bolt hits the lindwurm.
The bolt burns the lindwurm.
The lindwurm is almost dead.
The lindwurm bites you but does no damage.
The lindwurm misses you. The lindwurm closely misses you.
The lindwurm breathes flames at you. The blast of flame hits you!!
You die...

......# . #.#...P ..
#....P## ...#.....P .)#
.........# #..###...
#...k#... ....#.....#
.......Y#### ...#.#...#.###
.........#@###..#......#..#
.........k0................
...........................
............%..............
...........................
...........................
................).....#.##.
.................%...######
.#..%...............###..


You could see a lindwurm (catching breath).

Vanquished Creatures
  A dire elephant (Lair:4)
  2 hydras (Lair:1)
  A boulder beetle (Lair:2)
  A catoblepas (Lair:5)
  5 two-headed ogres
  Sonja (Lair:5)
  2 skysharks (Lair:4)
  A lindwurm (Lair:3)
  45 elephants
  8 black mambas
  8 cane toads
  2 torpor snails
  3 rime drakes
  13 komodo dragons
  Jeremiah (D:7)
  3 trolls
  12 blink frogs
  Grinder (D:6)
  A dream sheep (Lair:3)
  3 spriggans
  8 wyverns
  73 yaks
  3 basilisks
  A wraith (D:10)
  A warg (D:11)
  2 steam dragons (D:7)
  3 vampire mosquitoes (D:9)
  An acid dragon (D:10)
  14 water moccasins
  2 orc warriors
  A sky beast (D:6)
  3 black bears
  3 ogres
  5 wolves
  7 centaurs
  3 phantoms
  5 bullfrogs
  5 scorpions
  4 gnoll sergeants
  4 wights (D:8)
  5 killer bees (D:9)
  3 electric eels
  4 hounds
  9 orc priests
  3 bombardier beetles
  2 jellies (D:8)
  A gnoll bouda (D:4)
  2 sleepcaps
  3 iguanas
  15 orc wizards
  A killer bee zombie (D:5)
  A hound zombie (D:5)
  29 gnolls
  5 adders
  4 ufetubi
  3 dart slugs
  A ribbon worm (D:2)
  48 orcs
  4 endoplasms
  7 giant cockroaches
  20 goblins
  14 hobgoblins
  2 jackals (D:1)
  6 kobolds
  6 quokkas
  6 ball pythons
  5 bats
  7 frilled lizards
  2 rats (D:1)
480 creatures vanquished.

Notes
Turn   | Place    | Note
-------+----------+-------------------------------------------
     0 | D:1      | qw the Deep Elf Hunter began the quest for the Orb.
     0 | D:1      | Reached XP level 1. HP: 12/12 MP: 3/3
     0 | D:1      | 0 ||| qw: Version: 0.3-a-155-g5e7d8dd
     0 | D:1      | 0 ||| qw: Game counter: 557
     0 | D:1      | 0 ||| qw: Melee chars always use a shield: true
     0 | D:1      | 0 ||| qw: God list: Okawaru
     0 | D:1      | 0 ||| qw: Allow faded altars: false
     0 | D:1      | 0 ||| qw: Do Orc after clearing Dungeon:15 true
     0 | D:1      | 0 ||| qw: Do second Lair branch before Depths: true
     0 | D:1      | 0 ||| qw: Lair rune preference: random
     0 | D:1      | 0 ||| qw: Goals: Normal
     0 | D:1      | 0 ||| PLANNING D:1-11
   101 | D:1      | Found a faded altar of an unknown god.
   147 | D:1      | Reached skill level 6 in Ranged Weapons
   147 | D:1      | Reached XP level 2. HP: 16/16 MP: 4/4
   642 | D:1      | 642 ||| UPGRADING to +0 ring mail of poison resistance.
   652 | D:1      | 652 ||| DROPPING +0 leather armour.
   653 | D:1      | 653 ||| DROPPING +6 ring of intelligence.
   654 | D:1      | 654 ||| READING scroll labelled KUFEUP VOEPH.
   654 | D:1      | Identified a scroll of acquirement
   654 | D:1      | 654 ||| ACQUIRING +10 shortbow of Mutoeruh {drain, rPois
                  | rC+ rCorr SInv}
   654 | D:1      | Acquired the +10 shortbow of Mutoeruh {drain, rPois rC+
                  | rCorr SInv}
   656 | D:1      | 656 ||| SWAPPING to +10 shortbow of Mutoeruh {drain, rPois
                  | rC+ rCorr SInv}.
   657 | D:1      | 657 ||| DROPPING +0 shortbow.
   658 | D:1      | 658 ||| DROPPING scroll of butterflies.
   813 | D:2      | Reached XP level 3. HP: 20/20 MP: 5/5
  1142 | D:2      | Found a runed translucent door.
  1143 | D:2      | Noticed Crazy Yiuf
  1208 | D:2      | Reached skill level 7 in Ranged Weapons
  1448 | D:2      | 1448 ||| READING scroll labelled AWEBAECV BAEB.
  1549 | D:2      | 1549 ||| READING 2 scrolls labelled BEMAIX BOUTT.
  1549 | D:2      | 1549 ||| IDENTIFYING red potion
  1550 | D:2      | 1550 ||| READING scroll of identify.
  1550 | D:2      | 1550 ||| IDENTIFYING metallic white potion
  1551 | D:2      | 1551 ||| READING scroll labelled UNEZEBB TAROIR.
  1552 | D:2      | 1552 ||| DRINKING 2 sedimented dark potions.
  1697 | D:3      | Reached XP level 4. HP: 25/25 MP: 6/6
  1832 | D:3      | Noticed a phantom
  1838 | D:3      | Killed a phantom
  1839 | D:3      | Reached skill level 8 in Ranged Weapons
  1839 | D:3      | Reached XP level 5. HP: 18/29 MP: 7/7
  2136 | D:3      | 2136 ||| READING 3 scrolls of identify.
  2136 | D:3      | 2136 ||| IDENTIFYING fuming sapphire potion
  2137 | D:3      | 2137 ||| READING 2 scrolls of identify.
  2137 | D:3      | 2137 ||| IDENTIFYING 2 dark potions
  2138 | D:3      | 2138 ||| READING scroll of identify.
  2138 | D:3      | 2138 ||| IDENTIFYING scroll labelled QEZADE MAOFU
  2139 | D:3      | 2139 ||| READING scroll labelled SAEGOU OFIPP.
  2140 | D:3      | 2140 ||| READING scroll labelled UTAANIKHLITHRU.
  2141 | D:3      | 2141 ||| DROPPING scroll of amnesia.
  2142 | D:3      | 2142 ||| DROPPING potion of brilliance.
  2143 | D:3      | 2143 ||| DROPPING 2 potions of invisibility.
  2181 | D:4      | Reached skill level 9 in Ranged Weapons
  2255 | D:4      | Reached XP level 6. HP: 35/35 MP: 8/8
  2336 | D:4      | Noticed a water moccasin
  2337 | D:4      | 2337 ||| RETREEEEATING.
  2346 | D:4      | Killed a water moccasin
  2347 | D:4      | Reached skill level 10 in Ranged Weapons
  2354 | D:4      | Reached skill level 3 in Dodging
  2357 | D:4      | Found a sacrificial altar of Ru.
  2396 | D:4      | Found a broken altar of Ashenzari.
  2402 | D:4      | Reached XP level 7. HP: 40/40 MP: 9/9
  2671 | D:4      | Reached skill level 11 in Ranged Weapons
  3154 | D:4      | 3154 ||| UPGRADING to amulet of reflection.
  3159 | D:4      | 3159 ||| READING scroll labelled BAROHEOMOI.
  3160 | D:4      | 3160 ||| READING scroll labelled RULIEL MAUF.
  3183 | D:5      | Entered Level 5 of the Dungeon
  3322 | D:5      | Found a basalt altar of Yredelemnul.
  3374 | D:5      | Reached skill level 12 in Ranged Weapons
  3482 | D:5      | Found a snail-covered altar of Cheibriados.
  3562 | D:5      | Reached skill level 1 in Armour
  3712 | D:5      | Reached skill level 3 in Fighting
  3712 | D:5      | Reached XP level 8. HP: 36/46 MP: 10/10
  3958 | D:5      | Found an iron altar of Okawaru.
  3959 | D:5      | 3959 ||| PLANNING OKAWARU WORSHIP
  3959 | D:5      | 3959 ||| READING scroll labelled UBECKO TAIF.
  3960 | D:5      | 3960 ||| READING scroll labelled NEISSI WEINE.
  4065 | D:5      | Became a worshipper of Warmaster Okawaru
  4066 | D:5      | 4066 ||| PLANNING D:1-11
  4159 | D:6      | 4159 ||| STAIRDANCE
  4163 | D:6      | 4163 ||| STAIRDANCE
  4164 | D:6      | 4164 ||| STAIRDANCE
  4167 | D:5      | HP: 9/46 [water moccasin (4)]
  4168 | D:5      | 4168 ||| READING scroll of teleportation.
  4169 | D:5      | 4169 ||| DRINKING 5 potions of heal wounds.
  4171 | D:5      | 4171 ||| DRINKING 4 potions of heal wounds.
  4176 | D:5      | HP: 10/46 [poisoned by a water moccasin]
  4181 | D:5      | HP: 6/46 [poisoned by a water moccasin]
  4370 | D:6      | 4370 ||| STAIRDANCE
  4457 | D:6      | 4457 ||| STAIRDANCE
  4553 | D:6      | 4553 ||| STAIRDANCE
  4592 | D:6      | Reached skill level 13 in Ranged Weapons
  4592 | D:6      | Noticed Grinder
  4597 | D:6      | Paralysed by Grinder for 2 turns
  4608 | D:6      | Killed Grinder
  4608 | D:6      | Reached * piety under Okawaru
  4609 | D:6      | Reached skill level 14 in Ranged Weapons
  4767 | D:6      | Found a glowing golden altar of the Shining One.
  4851 | D:6      | Reached skill level 1 in Invocations
  4979 | D:6      | Found a hide-covered altar of Uskayaw.
  5148 | D:6      | Reached XP level 9. HP: 37/51 MP: 12/12
  5408 | D:6      | 5408 ||| READING scroll labelled XETEGG OLLIE.
  5409 | D:6      | 5409 ||| DRINKING 2 inky potions.
  5423 | D:7      | Reached skill level 3 in Invocations
  5427 | D:7      | Found a shimmering altar of Xom.
  5431 | D:7      | Noticed Jeremiah
  5432 | D:7      | 5432 ||| INVOKING Heroism.
  5451 | D:7      | 5451 ||| RETREEEEATING.
  5455 | D:7      | 5455 ||| RETREEEEATING.
  5456 | D:7      | 5456 ||| RETREEEEATING.
  5457 | D:7      | 5457 ||| RETREEEEATING.
  5458 | D:7      | 5458 ||| RETREEEEATING.
  5460 | D:7      | HP: 3/50 [orc priest/divine providence (16)]
  5461 | D:7      | 5461 ||| DRINKING 3 potions of heal wounds.
  5463 | D:7      | 5463 ||| DRINKING 2 potions of heal wounds.
  5466 | D:7      | 5466 ||| INVOKING Heroism.
  5469 | D:7      | Killed Jeremiah
  5664 | D:7      | Reached ** piety under Okawaru
  5665 | D:7      | Reached skill level 6 in Dodging
  5866 | D:7      | 5866 ||| RETREEEEATING.
  5927 | D:7      | 5927 ||| Stepping ~*~*~tactically~*~*~ (cloud).
  6142 | D:7      | Found a staircase to the Ecumenical Temple.
  6151 | D:7      | 6151 ||| UPGRADING to amulet of faith.
  6161 | D:7      | 6161 ||| READING scroll of identify.
  6161 | D:7      | 6161 ||| IDENTIFYING fuming purple potion
  6162 | D:7      | 6162 ||| DRINKING 2 white potions.
  6163 | D:7      | 6163 ||| DROPPING potion of degeneration.
  6164 | D:7      | 6164 ||| DROPPING potion of lignification.
  6219 | D:8      | 6219 ||| STAIRDANCE
  6313 | D:8      | Found a sparkling altar of Nemelex Xobeh.
  6440 | D:8      | Reached *** piety under Okawaru
  6560 | D:8      | 6560 ||| READING scroll of acquirement.
  6560 | D:8      | 6560 ||| ACQUIRING +2 helmet of Jilluira {rC+ rN+ SInv}
  6560 | D:8      | Acquired the +2 helmet of Jilluira {rC+ rN+ SInv}
  6562 | D:8      | 6562 ||| UPGRADING to +2 helmet of Jilluira {rC+ rN+ SInv}.
  6613 | D:8      | Noticed a troll
  6614 | D:8      | 6614 ||| INVOKING Heroism.
  6619 | D:8      | Killed a troll
  6709 | D:8      | Found a hazy altar of Hepliaklqana.
  6742 | D:8      | 6742 ||| RETREEEEATING.
  6743 | D:8      | 6743 ||| RETREEEEATING.
  6745 | D:8      | 6745 ||| INVOKING Heroism.
  6748 | D:8      | Reached skill level 6 in Fighting
  6748 | D:8      | Reached XP level 10. HP: 60/60 MP: 12/15
  6971 | D:8      | Reached skill level 9 in Dodging
  7013 | D:8      | Found a burning altar of Makhleb.
  7018 | D:8      | Found a glowing silver altar of Zin.
  7018 | D:8      | Noticed a balrug
  7019 | D:8      | Noticed an angel
  7075 | D:8      | Reached **** piety under Okawaru
  7409 | D:8      | 7409 ||| DRINKING 3 fizzy clear potions.
  7410 | D:8      | 7410 ||| FLEEEEING.
  7411 | D:8      | 7411 ||| FLEEEEING.
  7412 | D:8      | 7412 ||| FLEEEEING.
  7413 | D:8      | 7413 ||| FLEEEEING.
  7514 | D:8      | 7514 ||| DROPPING 2 potions of berserk rage.
  7558 | D:9      | Found a transporter.
  7563 | D:9      | Found a transporter.
  7574 | D:9      | Noticed qw's ghost (journeyman DjHu)
  7602 | D:9      | 7602 ||| RETREEEEATING.
  7605 | D:9      | 7605 ||| RETREEEEATING.
  7618 | D:9      | 7618 ||| FLEEEEING.
  7619 | D:9      | 7619 ||| FLEEEEING.
  7620 | D:9      | 7620 ||| FLEEEEING.
  7621 | D:9      | 7621 ||| FLEEEEING.
  7622 | D:9      | 7622 ||| FLEEEEING.
  7623 | D:9      | 7623 ||| FLEEEEING.
  7624 | D:9      | 7624 ||| FLEEEEING.
  7625 | D:9      | 7625 ||| FLEEEEING.
  7626 | D:9      | 7626 ||| FLEEEEING.
  7627 | D:9      | 7627 ||| FLEEEEING.
  7628 | D:9      | 7628 ||| FLEEEEING.
  7629 | D:9      | 7629 ||| FLEEEEING.
  7630 | D:9      | 7630 ||| FLEEEEING.
  7631 | D:9      | 7631 ||| FLEEEEING.
  7632 | D:9      | 7632 ||| FLEEEEING.
  7633 | D:9      | 7633 ||| FLEEEEING.
  7634 | D:9      | 7634 ||| FLEEEEING.
  7635 | D:9      | 7635 ||| FLEEEEING.
  7641 | D:9      | 7641 ||| FLEEEEING.
  7642 | D:9      | 7642 ||| FLEEEEING.
  7815 | D:9      | Reached ***** piety under Okawaru
  7816 | D:9      | Reached skill level 6 in Invocations
  7889 | D:9      | Found a bloodstained altar of Trog.
  7928 | D:9      | Noticed a two-headed ogre
  7929 | D:9      | 7929 ||| INVOKING Finesse.
  7938 | D:9      | Killed a two-headed ogre
  7939 | D:9      | Reached skill level 3 in Armour
  8173 | D:9      | 8173 ||| RETREEEEATING.
  8175 | D:9      | 8175 ||| RETREEEEATING.
  8176 | D:9      | 8176 ||| RETREEEEATING.
  8177 | D:9      | 8177 ||| RETREEEEATING.
  8178 | D:9      | 8178 ||| RETREEEEATING.
  8179 | D:9      | 8179 ||| RETREEEEATING.
  8180 | D:9      | 8180 ||| RETREEEEATING.
  8181 | D:9      | 8181 ||| RETREEEEATING.
  8182 | D:9      | 8182 ||| RETREEEEATING.
  8349 | D:9      | Noticed a two-headed ogre
  8350 | D:9      | 8350 ||| INVOKING Finesse.
  8360 | D:9      | Killed a two-headed ogre
  8360 | D:9      | Received a gift from Okawaru
  8361 | D:9      | Reached XP level 11. HP: 67/67 MP: 12/18
  8579 | D:9      | 8579 ||| UPGRADING to +0 troll leather armour.
  8589 | D:9      | 8589 ||| READING scroll of identify.
  8589 | D:9      | 8589 ||| IDENTIFYING cyan potion
  8590 | D:9      | 8590 ||| READING scroll labelled XYNORCH GITO.
  8590 | D:9      | 8590 ||| ENCHANTING +0 troll leather armour.
  8612 | D:10     | Entered Level 10 of the Dungeon
  8612 | D:10     | Noticed a two-headed ogre
  8613 | D:10     | 8613 ||| INVOKING Finesse.
  8621 | D:10     | Killed a two-headed ogre
  8809 | D:10     | Found a portal to a secret trove of treasure.
  8820 | D:10     | 8820 ||| RETREEEEATING.
  8833 | D:10     | 8833 ||| RETREEEEATING.
  8839 | D:10     | 8839 ||| RETREEEEATING.
  8884 | D:10     | Found Nyhyet's Distillery.
  8891 | D:10     | 8891 ||| BUYING 2 potions of curing (66 gold).
  8891 | D:10     | Bought 2 potions of curing for 66 gold pieces
  8891 | D:10     | 8891 ||| BUYING 2 potions of curing (66 gold).
  8891 | D:10     | Bought 2 potions of curing for 66 gold pieces
  8891 | D:10     | 8891 ||| BUYING 2 potions of curing (66 gold).
  8891 | D:10     | Bought 2 potions of curing for 66 gold pieces
  8891 | D:10     | 8891 ||| BUYING potion of enlightenment (55 gold).
  8891 | D:10     | Bought a potion of enlightenment for 55 gold pieces
  8891 | D:10     | 8891 ||| BUYING potion of haste (110 gold).
  8891 | D:10     | Bought a potion of haste for 110 gold pieces
  8891 | D:10     | 8891 ||| BUYING potion of haste (110 gold).
  8891 | D:10     | Bought a potion of haste for 110 gold pieces
  8891 | D:10     | 8891 ||| SHOPLISTING potion of haste (110 gold, have 51).
  8891 | D:10     | 8891 ||| SHOPLISTING potion of heal wounds (55 gold, have
                  | 51).
  8891 | D:10     | 8891 ||| SHOPLISTING potion of mutation (88 gold, have 51).
  8911 | D:10     | Found Fabaor's General Store.
  8918 | D:10     | 8918 ||| SHOPLISTING +2 scale mail of cold resistance (336
                  | gold, have 51).
  8918 | D:10     | 8918 ||| BUYING potion of curing (48 gold).
  8918 | D:10     | Bought a potion of curing for 48 gold pieces
  8918 | D:10     | 8918 ||| SHOPLISTING scroll of enchant weapon (120 gold,
                  | have 3).
  8968 | D:10     | Found a runed translucent gate.
  8968 | D:10     | Found a runed translucent gate.
  8968 | D:10     | Found a runed translucent gate.
  8970 | D:10     | Found an opulent altar of Gozag.
  9072 | D:10     | Noticed a centaur warrior
  9073 | D:10     | Noticed Hoafok's ghost (journeyman MiFi)
  9151 | D:10     | Found Unoj's Weapon Emporium.
  9154 | D:10     | 9154 ||| SHOPLISTING +8 sling of Midsummer {speed, rF+++
                  | rC- Str-4 Int+6} (1171 gold, have 50).
  9194 | D:10     | Noticed a two-headed ogre
  9195 | D:10     | 9195 ||| INVOKING Finesse.
  9199 | D:10     | Killed a two-headed ogre
  9419 | D:10     | Found Raec's Distillery.
  9423 | D:10     | 9423 ||| BUYING potion of curing (39 gold).
  9423 | D:10     | Bought a potion of curing for 39 gold pieces
  9423 | D:10     | 9423 ||| SHOPLISTING potion of magic (104 gold, have 11).
  9423 | D:10     | 9423 ||| SHOPLISTING potion of might (52 gold, have 11).
  9423 | D:10     | 9423 ||| SHOPLISTING potion of resistance (130 gold, have
                  | 11).
  9458 | D:10     | Found a blossoming altar of Fedhas.
  9458 | D:10     | Found a radiant altar of Vehumet.
  9459 | D:10     | Found a stormy altar of Qazlal.
  9535 | D:10     | 9535 ||| UPGRADING to +0 pair of gloves.
  9540 | D:10     | 9540 ||| DROPPING amulet of the acrobat.
  9575 | D:11     | Found a staircase to the Orcish Mines.
  9611 | D:11     | Noticed a two-headed ogre
  9612 | D:11     | 9612 ||| INVOKING Finesse.
  9623 | D:11     | Killed a two-headed ogre
  9624 | D:11     | Reached skill level 9 in Invocations
  9687 | D:11     | Received a gift from Okawaru
  9735 | D:11     | Found Owkofad's General Store.
  9787 | D:11     | Found a staircase to the Lair.
  9979 | D:11     | 9979 ||| PLANNING LAIR
 10018 | Lair:1   | Entered Level 1 of the Lair of Beasts
 10060 | Lair:1   | Noticed an eight-headed hydra
 10061 | Lair:1   | 10061 ||| INVOKING Finesse.
 10068 | Lair:1   | Killed an eight-headed hydra
 10265 | Lair:1   | 10265 ||| RETREEEEATING.
 10266 | Lair:1   | 10266 ||| RETREEEEATING.
 10267 | Lair:1   | 10267 ||| RETREEEEATING.
 10268 | Lair:1   | 10268 ||| INVOKING Finesse.
 10280 | Lair:1   | Reached skill level 12 in Dodging
 10280 | Lair:1   | Reached XP level 12. HP: 73/73 MP: 15/21
 10466 | Lair:1   | Noticed a six-headed hydra
 10467 | Lair:1   | 10467 ||| INVOKING Finesse.
 10475 | Lair:1   | Killed a six-headed hydra
 10556 | Lair:1   | 10556 ||| RETREEEEATING.
 10558 | Lair:1   | 10558 ||| RETREEEEATING.
 10566 | Lair:1   | 10566 ||| RETREEEEATING.
 10567 | Lair:1   | 10567 ||| RETREEEEATING.
 10571 | Lair:1   | Reached skill level 9 in Fighting
 10580 | Lair:1   | Received a gift from Okawaru
 10994 | Lair:2   | Identified the ring of Ivuen {+Blink rN+ rCorr Str+6 Int+2}
 11002 | Lair:2   | 11002 ||| RETREEEEATING.
 11003 | Lair:2   | 11003 ||| RETREEEEATING.
 11004 | Lair:2   | 11004 ||| RETREEEEATING.
 11006 | Lair:2   | 11006 ||| RETREEEEATING.
 11009 | Lair:2   | 11009 ||| RETREEEEATING.
 11012 | Lair:2   | 11012 ||| RETREEEEATING.
 11013 | Lair:2   | 11013 ||| RETREEEEATING.
 11014 | Lair:2   | 11014 ||| RETREEEEATING.
 11034 | Lair:2   | Received a gift from Okawaru
 11148 | Lair:2   | Noticed a boulder beetle
 11149 | Lair:2   | 11149 ||| INVOKING Finesse.
 11162 | Lair:2   | Killed a boulder beetle
 11859 | Lair:2   | 11859 ||| UPGRADING to ring of Ivuen {+Blink rN+ rCorr
                  | Str+6 Int+2}.
 11860 | Lair:2   | 11860 ||| READING 2 scrolls of identify.
 11860 | Lair:2   | 11860 ||| IDENTIFYING glowing black potion
 11891 | Lair:3   | Received a gift from Okawaru
 11916 | Lair:3   | 11916 ||| RETREEEEATING.
 11917 | Lair:3   | 11917 ||| RETREEEEATING.
 11918 | Lair:3   | 11918 ||| RETREEEEATING.
 12036 | Lair:3   | 12036 ||| RETREEEEATING.
 12041 | Lair:3   | 12041 ||| RETREEEEATING.
 12042 | Lair:3   | 12042 ||| RETREEEEATING.
 12043 | Lair:3   | 12043 ||| INVOKING Finesse.
 12069 | Lair:3   | Reached skill level 15 in Dodging
 12069 | Lair:3   | Reached XP level 13. HP: 55/82 MP: 17/22
 12108 | Lair:3   | Found a staircase to the Swamp.
 12182 | Lair:3   | Reached skill level 15 in Ranged Weapons
 12183 | Lair:3   | 12183 ||| RETREEEEATING.
 12330 | Lair:3   | Reached ****** piety under Okawaru
 12331 | Lair:3   | 12331 ||| INVOKING Receive Weapon.
 12331 | Lair:3   | 12331 ||| ACQUIRING +8 hand cannon of Guilt {flame, rElec
                  | rN+++ Dex-4 Stlth+}
 12331 | Lair:3   | Acquired the +8 hand cannon of Guilt {flame, rElec rN+++
                  | Dex-4 Stlth+}
 12331 | Lair:3   | Received a gift from Okawaru
 12332 | Lair:3   | 12332 ||| INVOKING Receive Armour.
 12332 | Lair:3   | 12332 ||| ACQUIRING +5 ring mail of Jauch {+Inv Str-2
                  | Stlth+}
 12332 | Lair:3   | Acquired the +5 ring mail of Jauch {+Inv Str-2 Stlth+}
 12332 | Lair:3   | Received a gift from Okawaru
 12334 | Lair:3   | 12334 ||| SWAPPING to +8 hand cannon of Guilt {flame, rElec
                  | rN+++ Dex-4 Stlth+}.
 12335 | Lair:3   | 12335 ||| DROPPING +10 shortbow of Mutoeruh {drain, rPois
                  | rC+ rCorr SInv}.
 12336 | Lair:3   | 12336 ||| DROPPING +0 orcbow.
 12379 | Lair:3   | 12379 ||| RETREEEEATING.
 12380 | Lair:3   | 12380 ||| RETREEEEATING.
 12381 | Lair:3   | 12381 ||| RETREEEEATING.
 12382 | Lair:3   | 12382 ||| RETREEEEATING.
 12383 | Lair:3   | 12383 ||| RETREEEEATING.
 12481 | Lair:3   | HP: 16/82 [rime drake/icy flash freeze (20)]
 12482 | Lair:3   | 12482 ||| READING 3 scrolls of teleportation.
 12483 | Lair:3   | 12483 ||| DRINKING 5 potions of heal wounds.
 12630 | Lair:3   | Found a staircase to the Snake Pit.
 12720 | Lair:3   | Received a gift from Okawaru
 12724 | Lair:3   | Reached skill level 16 in Ranged Weapons
 12986 | Lair:3   | 12986 ||| UPGRADING to +0 cloak.
 12991 | Lair:3   | 12991 ||| UPGRADING to +0 ring mail of poison resistance.
 13001 | Lair:3   | 13001 ||| DROPPING +1 troll leather armour.
 13002 | Lair:3   | 13002 ||| DROPPING +2 robe of fire resistance.
 13003 | Lair:3   | 13003 ||| DROPPING +0 acid dragon scales.
 13004 | Lair:3   | 13004 ||| UPGRADING to +5 ring mail of Jauch {+Inv Str-2
                  | Stlth+}.
 13014 | Lair:3   | 13014 ||| DROPPING +0 ring mail of poison resistance.
 13015 | Lair:3   | 13015 ||| READING 2 scrolls of identify.
 13015 | Lair:3   | 13015 ||| IDENTIFYING murky yellow potion
 13016 | Lair:3   | 13016 ||| READING scroll of identify.
 13016 | Lair:3   | 13016 ||| IDENTIFYING 2 blue potions
 13051 | Lair:4   | 13051 ||| INVOKING Finesse.
 13060 | Lair:4   | 13060 ||| STAIRDANCE
 13091 | Lair:4   | 13091 ||| STAIRDANCE
 13186 | Lair:4   | 13186 ||| STAIRDANCE
 13215 | Lair:4   | 13215 ||| RETREEEEATING.
 13227 | Lair:4   | Reached skill level 17 in Ranged Weapons
 13282 | Lair:4   | 13282 ||| RETREEEEATING.
 13283 | Lair:4   | 13283 ||| RETREEEEATING.
 13284 | Lair:4   | 13284 ||| RETREEEEATING.
 13285 | Lair:4   | 13285 ||| RETREEEEATING.
 13286 | Lair:4   | 13286 ||| RETREEEEATING.
 13287 | Lair:4   | 13287 ||| RETREEEEATING.
 13288 | Lair:4   | 13288 ||| RETREEEEATING.
 13289 | Lair:4   | 13289 ||| RETREEEEATING.
 13290 | Lair:4   | 13290 ||| RETREEEEATING.
 13291 | Lair:4   | 13291 ||| RETREEEEATING.
 13292 | Lair:4   | 13292 ||| RETREEEEATING.
 13293 | Lair:4   | 13293 ||| RETREEEEATING.
 13307 | Lair:4   | HP: 20/82 [elephant (1)]
 13308 | Lair:4   | 13308 ||| READING 2 scrolls of teleportation.
 13309 | Lair:4   | 13309 ||| DRINKING 4 potions of heal wounds.
 13371 | Lair:4   | Noticed a dire elephant
 13372 | Lair:4   | 13372 ||| ZAPPING wand of quicksilver (1) at -7,-7 (dire
                  | elephant; floor).
 13374 | Lair:4   | 13374 ||| INVOKING Finesse.
 13386 | Lair:4   | Killed a dire elephant
 13386 | Lair:4   | Received a gift from Okawaru
 13574 | Lair:4   | Found a runed translucent door.
 13578 | Lair:4   | Noticed qw's ghost (journeyman DgHu)
 13579 | Lair:4   | Identified the +3 trident of Animal Spirits {freeze, rF+
                  | Str-2 Int+5}
 13581 | Lair:4   | 13581 ||| RETREEEEATING.
 13583 | Lair:4   | 13583 ||| RETREEEEATING.
 13589 | Lair:4   | 13589 ||| INVOKING Finesse.
 13593 | Lair:4   | Reached skill level 18 in Ranged Weapons
 13610 | Lair:4   | 13610 ||| RETREEEEATING.
 13858 | Lair:4   | Received a gift from Okawaru
 13859 | Lair:4   | Reached skill level 19 in Ranged Weapons
 13930 | Lair:4   | Found a staircase to the Slime Pits.
 13968 | Lair:4   | Reached XP level 14. HP: 88/88 MP: 23/23
 14099 | Lair:4   | 14099 ||| READING scroll of enchant armour.
 14099 | Lair:4   | 14099 ||| ENCHANTING +0 pair of gloves.
 14253 | Lair:4   | 14253 ||| READING scroll of enchant armour.
 14253 | Lair:4   | 14253 ||| ENCHANTING +1 pair of gloves.
 14434 | Lair:5   | Entered Level 5 of the Lair of Beasts
 14457 | Lair:5   | 14457 ||| READING scroll of enchant armour.
 14457 | Lair:5   | 14457 ||| ENCHANTING +0 cloak.
 14493 | Lair:5   | 14493 ||| RETREEEEATING.
 14494 | Lair:5   | 14494 ||| RETREEEEATING.
 14495 | Lair:5   | 14495 ||| RETREEEEATING.
 14496 | Lair:5   | 14496 ||| RETREEEEATING.
 14500 | Lair:5   | 14500 ||| RETREEEEATING.
 14501 | Lair:5   | 14501 ||| RETREEEEATING.
 14502 | Lair:5   | 14502 ||| RETREEEEATING.
 14503 | Lair:5   | 14503 ||| RETREEEEATING.
 14504 | Lair:5   | 14504 ||| RETREEEEATING.
 14505 | Lair:5   | 14505 ||| RETREEEEATING.
 14506 | Lair:5   | 14506 ||| RETREEEEATING.
 14507 | Lair:5   | 14507 ||| RETREEEEATING.
 14510 | Lair:5   | 14510 ||| RETREEEEATING.
 14511 | Lair:5   | 14511 ||| RETREEEEATING.
 14512 | Lair:5   | 14512 ||| RETREEEEATING.
 14513 | Lair:5   | 14513 ||| RETREEEEATING.
 14514 | Lair:5   | 14514 ||| RETREEEEATING.
 14515 | Lair:5   | 14515 ||| RETREEEEATING.
 14516 | Lair:5   | 14516 ||| RETREEEEATING.
 14517 | Lair:5   | 14517 ||| RETREEEEATING.
 14518 | Lair:5   | 14518 ||| RETREEEEATING.
 14519 | Lair:5   | 14519 ||| RETREEEEATING.
 14520 | Lair:5   | 14520 ||| RETREEEEATING.
 14525 | Lair:5   | HP: 19/88 [yak[a torpor snail] (9)]
 14526 | Lair:5   | 14526 ||| READING scroll of teleportation.
 14527 | Lair:5   | 14527 ||| DRINKING 3 potions of heal wounds.
 14531 | Lair:5   | 14531 ||| FLEEEEING.
 14532 | Lair:5   | 14532 ||| FLEEEEING.
 14533 | Lair:5   | 14533 ||| FLEEEEING.
 14534 | Lair:5   | 14534 ||| FLEEEEING.
 14535 | Lair:5   | 14535 ||| FLEEEEING.
 14536 | Lair:5   | 14536 ||| FLEEEEING.
 14537 | Lair:5   | 14537 ||| FLEEEEING.
 14539 | Lair:5   | 14539 ||| RETREEEEATING.
 14540 | Lair:5   | 14540 ||| INVOKING Finesse.
 14541 | Lair:5   | 14541 ||| RETREEEEATING.
 14547 | Lair:5   | 14547 ||| RETREEEEATING.
 14551 | Lair:5   | 14551 ||| RETREEEEATING.
 14552 | Lair:5   | 14552 ||| RETREEEEATING.
 14553 | Lair:5   | 14553 ||| RETREEEEATING.
 14554 | Lair:5   | 14554 ||| RETREEEEATING.
 14555 | Lair:5   | 14555 ||| RETREEEEATING.
 14556 | Lair:5   | 14556 ||| INVOKING Finesse.
 14566 | Lair:5   | Reached skill level 20 in Ranged Weapons
 14824 | Lair:5   | Received a gift from Okawaru
 14865 | Lair:5   | 14865 ||| Stepping ~*~*~tactically~*~*~ (cloud).
 14866 | Lair:5   | 14866 ||| Stepping ~*~*~tactically~*~*~ (cloud).
 14872 | Lair:5   | 14872 ||| Stepping ~*~*~tactically~*~*~ (cloud).
 15145 | Lair:5   | Noticed Sonja
 15151 | Lair:5   | 15151 ||| INVOKING Finesse.
 15156 | Lair:5   | Killed Sonja
 15265 | Lair:5   | 15265 ||| RETREEEEATING.
 15266 | Lair:5   | 15266 ||| RETREEEEATING.
 15267 | Lair:5   | 15267 ||| RETREEEEATING.
 15280 | Lair:5   | Reached skill level 21 in Ranged Weapons
 15286 | Lair:5   | Killed from afar by a lindwurm

Levels and vault maps discovered:
D:1:      heliophobic_arrival_enchanted_forest, layout_loops_ring,
          ebering_ecumenical_altar_box
D:2:      layout_loops_corners, uniq_crazy_yiuf_cottage
D:3:      layout_basic, minmay_starry_boxes
D:4:      cheibrodos_greedy_goblins, layout_basic,
          ashenzari_conservatory_becter, st_stairs_7, minmay_ruined_shrine
D:5:      layout_cave_pods, kennysheep_slug_shrine,
          lemuel_zombie_altar_yredelemnul,
          hellmonk_okawaru_the_only_friend_you_need
D:6:      layout_cave_pools, mainiacjoe_overflow_small_starburst,
          nicolae_uskayaw_suspiria, uniq_grinder
D:7:      layout_basic, mainiacjoe_overflow_concentric_impassable,
          minmay_temple_entry_poolview, uniq_jeremiah
D:8:      layout_loops_corners, grunt_temple_overflow_order_and_chaos_2,
          nemelex_spade_bored_becter, kennysheep_little_box, enter_bailey_7,
          kennysheep_generic_room_9
D:9:      layout_gridville, trog_three_pillars_becter, gammafunk_ghost_hive,
          minivault_26
D:10:     layout_irregular_city, gammafunk_temple_overflow_claw, enter_trove_0,
          serial_shops, nicolae_shop_back_alley_shop, nicolae_diamond_shop,
          shop, shop, ebering_ghost_gozag
D:11:     layout_gridville, grunt_lair_entry_orc_guard_hut,
          minmay_orc_entry_guard_dogs, serial_shops, nicolae_shop_crystal
Lair:1:   layout_roguey, pdpol_lair_cavern_descent
Lair:2:   layout_cave_shapes, nicolae_lair_grazing_beasts
          [nicolae_sub_lair_graze_edge, nicolae_sub_lair_graze_edge,
          nicolae_sub_lair_graze_edge, nicolae_sub_lair_graze_edge]
Lair:3:   wad_woods_tower, layout_regular_city, swamp_mist,
          minmay_snake_entry_six_corridors, chequers_serial_rivers_micro_c,
          chequers_serial_rivers_micro_a
Lair:4:   mu_elephants_graveyard, layout_regular_city, slime_entry_1,
          ebering_ghost_funeral_grove
Lair:5:   grunt_lair_end_beastmaster, layout_regular_city,
          nicolae_volcano_entry_batcave, minivault_11, serial_bayou_shore_a,
          serial_bayou_shore_b, uniq_sonja

Skill      XL: |  1  2  3  4  5  6  7  8  9 10 11 12 13 14 |
---------------+-------------------------------------------+-----
Ranged Weapons | 6 7 8 9 10 12 14 19 21 | 21.0
Fighting       | 2 3 6 7 8 10 | 10.3
Dodging        | 3 5 7 9 12 15 | 15.0
Armour         | 1 2 3 |  3.4
Invocations    | 2 4 7 10 | 10.0
Stealth        | |  1.2

Action                     |  1- 3 |  4- 6 |  7- 9 | 10-12 | 13-15 || total
---------------------------+-------+-------+-------+-------+-------++-------
   Fire: Shortbow          |    83 |    57 |   310 |   621 |    87 ||  1158
         Hand cannon       |       |       |       |       |   450 ||   450
 Invoke: Heroism           |       |       |     4 |       |       ||     4
         Finesse           |       |       |       |    10 |     6 ||    16
         Receive Weapon    |       |       |       |       |     1 ||     1
         Receive Armour    |       |       |       |       |     1 ||     1
  Evoke: Wand              |       |       |       |       |     1 ||     1
    Use: Scroll            |     5 |     5 |     8 |     3 |     8 ||    29
         Potion            |     1 |       |     6 |     1 |     3 ||    11
 Armour: Leather armour    |     9 |       |       |       |       ||     9
         Ring mail         |       |    11 |    90 |    47 |   183 ||   331
         Troll leather arm |       |       |       |    63 |    23 ||    86
  Dodge: Dodged            |    15 |     9 |    55 |   148 |   276 ||   503
  Block: Other             |       |       |    21 |       |       ||    21
         Reflection        |       |       |     4 |       |       ||     4

Table legend:
 A = Non-vault XP
 B = Vault XP
 C = Vault XP percentage of total XP
 D = Non-vault monster count
 E = Vault monster count
 F = Vault count percentage of total count
                 A         B        C        D         E       F
            +---------+---------+-------+---------+---------+-------
      Total |   58731 |   21172 |  26.5 |     388 |      92 |  19.2
            +---------+---------+-------+---------+---------+-------
        D:1 |      31 |       0 |   0.0 |      21 |       0 |   0.0
        D:2 |      53 |       0 |   0.0 |      16 |       0 |   0.0
        D:3 |     170 |       3 |   1.7 |      11 |       2 |  15.4
        D:4 |     676 |     131 |  16.2 |      40 |      22 |  35.5
        D:5 |     821 |      59 |   6.7 |      27 |       3 |  10.0
        D:6 |     786 |     262 |  25.0 |      23 |       1 |   4.2
        D:7 |    1325 |     365 |  21.6 |      19 |       1 |   5.0
        D:8 |    2452 |     227 |   8.5 |      36 |       5 |  12.2
        D:9 |    4557 |       0 |   0.0 |      37 |       0 |   0.0
       D:10 |    3209 |       0 |   0.0 |      10 |       0 |   0.0
       D:11 |    1513 |    1629 |  51.8 |       8 |       8 |  50.0
     Lair:1 |    6044 |    2617 |  30.2 |      24 |       8 |  25.0
     Lair:2 |    6275 |     797 |  11.3 |      16 |       4 |  20.0
     Lair:3 |   11699 |    3981 |  25.4 |      37 |      16 |  30.2
     Lair:4 |   10105 |    8875 |  46.8 |      32 |      18 |  36.0
     Lair:5 |    9015 |    2226 |  19.8 |      31 |       4 |  11.4
            +---------+---------+-------+---------+---------+-------
